 Dungeon Crawl Stone Soup version 0.23.2-1-ga50397a (webtiles) character file.

Game seed: 3110092650550142314

607 kae the Changer (level 7, -3/48 HPs)
             Began as a Demonspawn Transmuter on Apr 16, 2019.
             Killed by divine providence
             ... invoked by an orc priest
              (17 damage)
             ... on level 4 of the Dungeon.
             The game lasted 00:04:20 (5161 turns).

kae the Changer (Demonspawn Transmuter)             Turns: 5161, Time: 00:04:20

Health: -3/48      AC:  3    Str: 11    XL:     7   Next: 19%
Magic:  10/10      EV: 12    Int: 14    God:
Gold:   202        SH:  0    Dex: 15    Spells: 4/10 levels left

rFire    . . .     SeeInvis .   e - +5 dagger
rCold    . . .     Gourm    .   (no shield)
rNeg     . . .     Faith    .   b - +0 robe
rPois    .         Spirit   .   (helmet restricted)
rElec    .         Reflect  .   (no cloak)
rCorr    .         Harm     .   (no gloves)
MR       .....                  g - +0 pair of boots
Stlth    +.........             (no amulet)
HPRegen  0.16/turn              (no ring)
MPRegen  0.12/turn              (no ring)

@: no status effects
A: antennae 1, claws 2, hooves 1, demonic guardian 1
a: no special abilities


You were on level 4 of the Dungeon.
You were not hungry.

You visited 1 branch of the dungeon, and saw 4 of its levels.

You collected 202 gold pieces.

Inventory:

Hand Weapons
 e - a +5 dagger (weapon)
Missiles
 a - 9 arrows
Armour
 b - a +0 robe (worn)
 g - a +0 pair of boots (worn)
Scrolls
 c - 2 scrolls of remove curse
 h - 2 scrolls of enchant weapon
 i - 2 scrolls of teleportation
 j - a scroll of identify
 o - a scroll of magic mapping
Potions
 f - a potion of curing
 k - a potion of agility {unknown}
 l - a potion of magic
 m - 2 potions of ambrosia
 n - a potion of might {unknown}
 p - a potion of resistance {unknown}
Comestibles
 d - 8 rations


   Skills:
 - Level 1.0 Fighting
 - Level 1.7 Dodging
 - Level 2.6 Unarmed Combat
 - Level 2.0 Spellcasting
 + Level 7.3 Transmutations


You had 4 spell levels left.
You knew the following spells:

 Your Spells              Type           Power        Failure   Level  Hunger
a - Beastly Appendage     Tmut           ###...       1%          1    ##.....
b - Sticks to Snakes      Tmut           ###.....     1%          2    ###....
c - Spider Form           Tmut/Pois      ##........   16%         3    ####...

Your spell library contained the following spells:

 Spells                   Type           Power        Failure   Level  Hunger
 Ice Form                 Ice/Tmut       ##......     45%         4    #####..
 Blade Hands              Tmut           ###.......   32%         5    ######.


Dungeon Overview and Level Annotations

Branches:
Dungeon (4/15)
 Temple: D:4-7

Altars:
Dithmenos
Ru


Innate Abilities, Weirdness & Mutations

You have a pair of small antennae on your head.
You have very sharp fingernails.
You have large cloven feet.
A weak demonic guardian rushes to your aid.


Message History

An orc is nearby!
An orc is nearby!
An orc is nearby!
The freed slave hits the orc.
The orc dies!
You start resting.
Your white imp disappears in a puff of smoke!
Magic restored.
You start resting.
Your shadow imp disappears in a puff of smoke!
Your white imp disappears in a puff of smoke!
An orc priest comes into view.
An orc priest is nearby!
The orc priest shouts!
Things that are here:
a +2 whip of freezing; a +0 robe of positive energy the big kobold corpse of Pikel The orc priest calls down the wrath of Beogh upon you.
Beogh smites you!
You die...

#############
#..o[..@....#
#)#########.#
........#
###.######.#
#...p.#.#
#{.5........
#..p.##.#
#..#.##.#.. ..(p#
#.# #.###.#.# ....
....#####..#..#.#.#
..p
#........>..........
#.
###.#####.###.#.#.##


You could see an orc priest.

Vanquished Creatures
  Terence (D:3)
  3 worker ants
  7 adders
  An ooze (D:3)
  3 worms
  A dart slug (D:2)
  2 leopard geckos
  4 orcs (D:3)
  2 ball pythons (D:2)
  6 giant cockroaches
  8 goblins
  11 hobgoblins
  16 jackals
  A quokka (D:3)
  16 bats
  3 frilled lizards
  4 kobolds (D:1)
  10 rats
99 creatures vanquished.

Vanquished Creatures (collateral kills)
  Pikel (D:4)
  A slave (D:4)
  A jackal (D:2)
3 creatures vanquished.

Vanquished Creatures (others)
  A slave (D:4)
  An orc (D:4)
2 creatures vanquished.

Grand Total: 104 creatures vanquished

Notes
Turn   | Place    | Note
-------+----------+-------------------------------------------
     0 | D:1      | kae the Demonspawn Transmuter began the quest for the Orb.
     0 | D:1      | Reached XP level 1. HP: 15/15 MP: 3/3
    56 | D:1      | Reached skill level 2 in Transmutations
   227 | D:1      | Gained mutation: You have large cloven feet. [demonic
                  | ancestry]
   227 | D:1      | Reached XP level 2. HP: 10/21 MP: 5/5
   508 | D:1      | Reached skill level 3 in Transmutations
   862 | D:1      | Gained mutation: A weak demonic guardian rushes to your
                  | aid. [demonic ancestry]
   862 | D:1      | Reached XP level 3. HP: 26/26 MP: 4/6
   877 | D:1      | Learned a level 2 spell: Sticks to Snakes
   881 | D:1      | Learned a level 3 spell: Spider Form
  1483 | D:2      | Reached skill level 4 in Transmutations
  1483 | D:2      | Lost mutation: You have a pair of horns on your head.
                  | [demonic ancestry]
  1483 | D:2      | Lost mutation: You have a pair of small horns on your head.
                  | [demonic ancestry]
  1483 | D:2      | Gained mutation: You have a pair of small antennae on your
                  | head. [demonic ancestry]
  1483 | D:2      | Reached XP level 4. HP: 4/32 MP: 5/7
  1684 | D:2      | Found a shadowy altar of Dithmenos.
  2139 | D:2      | Found a faded altar of an unknown god.
  2411 | D:2      | Reached XP level 5. HP: 32/37 MP: 8/8
  3028 | D:3      | Reached skill level 5 in Transmutations
  3668 | D:3      | Noticed Terence
  3811 | D:3      | Killed Terence
  4590 | D:4      | Gained mutation: You have sharp fingernails. [demonic
                  | ancestry]
  4590 | D:4      | Reached XP level 6. HP: 19/43 MP: 7/9
  4929 | D:4      | Found a sacrificial altar of Ru.
  4969 | D:4      | Noticed a slave
  4987 | D:4      | Killed a slave
  5096 | D:4      | Noticed Pikel
  5096 | D:4      | Noticed a slave
  5097 | D:4      | Noticed a slave
  5097 | D:4      | Noticed a slave
  5130 | D:4      | Killed Pikel
  5130 | D:4      | Reached skill level 7 in Transmutations
  5130 | D:4      | Gained mutation: You have very sharp fingernails. [demonic
                  | ancestry]
  5130 | D:4      | Reached XP level 7. HP: 9/48 MP: 7/10
  5161 | D:4      | Killed from afar by an orc priest

Skill      XL: |  1  2  3  4  5  6 |
---------------+-------------------+-----
Transmutations | 2 3 4 5 7 |  7.3
Fighting       | |  1.0
Dodging        | |  1.7
Unarmed Combat | |  2.6
Spellcasting   | |  2.0

Action                   |  1- 3 |  4- 6 |  7- 9 || total
-------------------------+-------+-------+-------++-------
Melee: Unarmed           |    56 |    20 |       ||    76
       Headbutt          |     6 |       |       ||     6
       Punch             |     1 |     2 |       ||     3
       Dagger            |    50 |   180 |       ||   230
       Kick              |    15 |     2 |       ||    17
 Cast: Beastly Appendage |     8 |       |       ||     8
       Sticks to Snakes  |       |     3 |       ||     3
       Spider Form       |       |     3 |       ||     3
  Use: Potion            |     1 |     1 |       ||     2
       Scroll            |     1 |     6 |       ||     7
 Stab: Sleeping          |     1 |     3 |       ||     4
  Eat: Chunk             |     1 |    10 |       ||    11
       Ration            |       |     1 |       ||     1
Armor: Robe              |    35 |    48 |       ||    83
       Skin              |       |     1 |       ||     1
Dodge: Dodged            |   103 |   159 |       ||   262
